 Dungeon Crawl Stone Soup version 0.30.0-29-ga12c61a403 (webtiles) character file.

Game seed: 9522657917411609748

76 ChiefBigBeans the Ducker (level 4, 0/34 HPs)
             Began as a Demonspawn Gladiator on June 22, 2023.
             Succumbed to Crazy Yiuf's poison
             ... on level 3 of the Dungeon.
             The game lasted 00:03:35 (1909 turns).

ChiefBigBeans the Ducker (Demonspawn Gladiator)     Turns: 1909, Time: 00:03:35

Health: 0/34       AC: 11    Str: 15    XL:     4   Next: 12%
Magic:  4/4        EV:  8    Int:  9    God:
Gold:   171        SH:  0    Dex: 16    Spells: 3/3 levels left

rFire   . . .        p - +2 short sword (venom)
rCold   . . .        (no shield)
rNeg    + . .        m - +0 chain mail
rPois   .            c - +0 helmet
rElec   .            (no cloak)
rCorr   .            (no gloves)
SInv    .            (no boots)
Will    +....        (no amulet) Stlth
                     q - ring of positive energy
HPRegen 0.25/turn    a - ring of willpower
MPRegen 0.09/turn

%: no passive effects
@: mighty, lethally poisoned (0 -> -3), on berserk cooldown, slowed, very slow
A: icy blue scales 1, ignite blood 1, powered by death 1
a: no special abilities


You were on level 3 of the Dungeon.
You visited 1 branch of the dungeon, and saw 3 of its levels.

You collected 171 gold pieces.

Inventory:

Hand Weapons
 p - a +2 short sword of venom (weapon)
Armour
 c - a +0 helmet (worn)
 m - a +0 chain mail (worn)
Jewellery
 a - a ring of willpower (right hand)
 q - a ring of positive energy (left hand)
Scrolls
 g - 2 scrolls of noise {unknown}
 h - 2 scrolls of poison {unknown}
 i - a scroll of magic mapping {unknown}
 l - a scroll of teleportation {unknown}
 r - a scroll of enchant weapon {unknown}
 t - a scroll of identify {unknown}
Potions
 b - a potion of mutation {unknown}
 f - a potion of cancellation {unknown}
 j - 4 potions of lignification {unknown}
 k - a potion of ambrosia {unknown}
 n - a potion of resistance {unknown}
 o - a potion of heal wounds {unknown}


   Skills:
 + Level 2.8 Fighting
 + Level 1.0 Short Blades
 - Level 2.9 Polearms
 - Level 1.9 Throwing
 + Level 1.2 Armour
 + Level 3.2 Dodging


You had 3 spell levels left.
You didn't know any spells.
Your spell library contained the following spells:

 Spells                   Type           Power      Damage    Failure   Level
 Shock                    Conj/Air       0%         1d3       99%         1
 Swiftness                Air            0%         N/A       100%        3
 Airstrike                Air            0%         2d(0-16)  100%        4
 Fireball                 Conj/Fire      0%         3d3       100%        5
 Iskenderun's Battlesphe  Conj           0%         2d6       100%        5
 Conjure Ball Lightning   Conj/Air       0%         3x3d6     100%        6
 Orb of Destruction       Conj           0%         9d5       100%        7


Dungeon Overview and Level Annotations

Branches:
Dungeon (3/15)

Altars:


Innate Abilities, Weirdness & Mutations

You are partially covered in icy blue scales. (AC +2)
Your demonic aura sometimes causes spilled blood to erupt in flames.
You regenerate a little health from kills.


Message History

You barely miss Crazy Yiuf.
Crazy Yiuf is severely wounded.
You feel very sick. Crazy Yiuf hits you but does no damage.
You closely miss Crazy Yiuf.
Crazy Yiuf is almost dead.
* * * LOW HITPOINT WARNING * * *
You feel very sick.
You kill Crazy Yiuf!
Your Short Blades skill increases to level 1!
You have reached level 4!
You feel stronger.
Your demonic ancestry asserts itself...
Your blood heats up.
You feel very sick.
Okay, then.
You start resting.
You feel sick.
* * * LOW HITPOINT WARNING * * *
You feel sick.
There is a lethal amount of poison in your body!
Okay, then.
It was a potion of berserk rage.
A red film seems to cover your vision as you go berserk!
You feel yourself moving faster!
You feel mighty!
* * * LOW HITPOINT WARNING * * *
You feel sick.
You are too berserk!
You are too berserk!
You are too berserk!
You feel a strong urge to attack something.
* * * LOW HITPOINT WARNING * * *
You feel sick.
There is an open translucent door, spattered with blood here.
Items here: ) / [ †.
You feel your anger nearly subside.
* * * LOW HITPOINT WARNING * * *
You feel sick.
You are no longer berserk.
You are exhausted.
You feel yourself slow down.
You die...

########
####....#.########
.........#..##.^.#
##......####.').@#
##....## ###..)#
###### #####


There were no monsters in sight!

Vanquished Creatures
  Crazy Yiuf (D:3)
  An adder (D:2)
  5 ball pythons
  3 endoplasms (D:3)
  A giant cockroach (D:1)
  3 goblins
  3 hobgoblins
  3 jackals (D:1)
  4 quokkas
  2 bats
  4 frilled lizards
  5 kobolds
  2 rats (D:2)
37 creatures vanquished.

Notes
Turn   | Place    | Note
-------+----------+-------------------------------------------
     0 | D:1      | ChiefBigBeans the Demonspawn Gladiator began the quest for
                  | the Orb.
     0 | D:1      | Reached XP level 1. HP: 16/16 MP: 1/1
   194 | D:1      | Gained mutation: You regenerate a little health from kills.
                  | [demonic ancestry]
   194 | D:1      | Reached XP level 2. HP: 21/22 MP: 2/2
   982 | D:2      | Reached skill level 3 in Dodging
  1360 | D:2      | Gained mutation: You are partially covered in icy blue
                  | scales. (AC +2) [demonic ancestry]
  1360 | D:2      | Reached XP level 3. HP: 24/28 MP: 3/3
  1798 | D:3      | Reached skill level 1 in Armour
  1837 | D:3      | Found a runed translucent door.
  1838 | D:3      | Noticed Crazy Yiuf
  1901 | D:3      | Killed Crazy Yiuf
  1902 | D:3      | Reached skill level 1 in Short Blades
  1902 | D:3      | Gained mutation: Your demonic aura sometimes causes spilled
                  | blood to erupt in flames. [demonic ancestry]
  1902 | D:3      | Reached XP level 4. HP: 6/34 MP: 4/4
  1905 | D:3      | HP: 2/51 [poisoned by Crazy Yiuf]
  1909 | D:3      | Succumbed to Crazy Yiuf's poison

Illustrated notes

Levels and vault maps discovered:
D:1:      dpeg_arrival_round_b, layout_loops_ring, minmay_misc_feat_five
D:2:      layout_loops_corners, minmay_shallow_snake_nest
D:3:      layout_loops_ring, serial_shops, nicolae_shop_just_a_little_nook,
          st_stairs_8, reono_crystal_passage, uniq_crazy_yiuf_cottage

Skill      XL: |  1  2  3 |
---------------+----------+-----
Dodging        | 3 |  3.2
Armour         | 1 |  1.2
Short Blades   | 1 |  1.0
Fighting       | |  2.8
Polearms       | |  2.9
Throwing       | |  1.9

Action                     |  1- 3 |  4- 6 || total
---------------------------+-------+-------++-------
  Melee: Trident           |    66 |       ||    66
         Short sword       |    55 |       ||    55
    Use: Potion            |       |     1 ||     1
   Stab: Sleeping          |     1 |       ||     1
 Armour: Leather armour    |    12 |       ||    12
         Chain mail        |    47 |       ||    47
  Dodge: Dodged            |    29 |       ||    29
